 Dungeon Crawl Stone Soup version 0.31-a0-542-gdc2a67831c (webtiles) character file.

Game seed: 14561892525137146531

67 Arcadio the Shooter (level 4, 0/35 HPs)
             Began as a Formicid Hunter on Aug 14, 2023.
             Succumbed to a scorpion's poison
             ... on level 5 of the Dungeon.
             The game lasted 00:03:53 (1902 turns).

Arcadio the Shooter (Formicid Hunter)               Turns: 1902, Time: 00:03:54

Health: 0/35       AC:  3    Str: 15    XL:     4   Next: 38%
Magic:  4/4        EV: 12    Int:  9    God:
Gold:   187        SH:  0    Dex: 19    Spells: 3/3 levels left

rFire   . . .        b - +3 spear
rCold   . . .        (no shield)
rNeg    . . .        c - +0 leather armour
rPois   .            (helmet unavailable)
rElec   .            (no cloak)
rCorr   .            (no gloves)
SInv    +            (no boots)
Will    .....        (no amulet)
Stlth   ++           (no ring)
HPRegen 0.25/turn    (no ring)
MPRegen 0.09/turn

%: no passive effects
@: lethally poisoned (0 -> -21)
A: permanent stasis, dig shafts and tunnels, antennae 3, four strong arms
a: Dig, Shaft Self


You were on level 5 of the Dungeon.
You visited 1 branch of the dungeon, and saw 5 of its levels.

You collected 187 gold pieces.

Inventory:

Hand Weapons
 a - a +0 shortbow
 b - a +3 spear (weapon)
 f - a +0 dagger
Armour
 c - a +0 leather armour (worn)
 k - a +0 chain mail
 l - a +0 plate armour
Scrolls
 d - a scroll of blinking {unknown}
 e - a scroll of butterflies
 h - a scroll of noise {unknown}
 n - a scroll of fog {unknown}
Potions
 g - a potion of curing
 i - a potion of mutation
 j - a potion of haste {unknown}
 m - a potion of might {unknown}


   Skills:
 + Level 3.3 Fighting
 + Level 4.5 Ranged Weapons
 + Level 2.1 Armour
 - Level 1.7 Dodging
 - Level 1.2 Stealth


You had 3 spell levels left.
You didn't know any spells.
Your spell library contained the following spells:

 Spells                   Type           Power      Damage    Failure   Level
 Poisonous Vapours        Pois/Air       0%         N/A       58%         2
 Mephitic Cloud           Conj/Pois/Air  0%         N/A       83%         3
 Freezing Cloud           Conj/Ice/Air   0%         6-21      100%        5


Dungeon Overview and Level Annotations

Branches:
Dungeon (5/15) Zot: 27000
 Temple: D:4-7

Altars:


Innate Abilities, Weirdness & Mutations

You cannot be hasted, slowed, berserked, paralysed or teleported.
You can dig through walls and to a lower floor.
You have a pair of large antennae on your head. (SInv)
Your four strong arms can wield two-handed weapons with a shield.


Message History

Okay, then.
You see here a flux talisman.
You sense a monster nearby.
A scorpion comes into view.
There is a stone staircase leading up here.
You climb upwards.
There is a stone staircase leading down here.
You climb downwards.
The scorpion barely misses you. The scorpion stings you.
There is a stone staircase leading up here.
The scorpion stings you but does no damage.
You climb upwards.
There is a stone staircase leading down here.
b - a +3 spear (weapon)
The scorpion stings you.
You closely miss the scorpion.
The scorpion stings you but does no damage.
You hit the scorpion.
The scorpion is lightly wounded.
The scorpion misses you.
You hit the scorpion but do no damage.
The scorpion is lightly wounded.
The scorpion stings you.
You are poisoned.
The scorpion poisons you! The scorpion stings you.
Okay, then.
You feel very sick.
You feel very sick. The scorpion stings you.
You are lethally poisoned!
The scorpion poisons you!
You begin to dig a shaft.
You continue digging a shaft.
You feel very sick. The scorpion stings you.
* * * LOW HITPOINT WARNING * * *
You are more poisoned.
The scorpion poisons you! A shaft appears beneath you!
You fall into a shaft and drop 2 floors!
The shaft crumbles and collapses.
You die...

#... #...
#... #...
#... # #...
.#
#...##..###.
#.@!......
#.########
#. #< ##


There were no monsters in sight!

Vanquished Creatures
  2 adders (D:3)
  A dart slug (D:2)
  An orc (D:3)
  5 ball pythons
  4 bats
  7 endoplasms
  A giant cockroach (D:2)
  A goblin (D:1)
  7 hobgoblins
  5 kobolds
  A quokka (D:1)
  4 frilled lizards
  3 rats
42 creatures vanquished.

Notes
Turn   | Place    | Note
-------+----------+-------------------------------------------
     0 | D:1      | Arcadio the Formicid Hunter began the quest for the Orb.
     0 | D:1      | Reached XP level 1. HP: 16/16 MP: 1/1
   316 | D:1      | Reached XP level 2. HP: 21/23 MP: 2/2
   450 | D:1      | Reached skill level 1 in Armour
   817 | D:2      | Reached XP level 3. HP: 28/28 MP: 3/3
  1386 | D:3      | Reached XP level 4. HP: 29/35 MP: 4/4
  1881 | D:4      | Noticed a scorpion
  1902 | D:3      | You fall into a shaft and drop 2 floors!
  1902 | D:5      | Entered Level 5 of the Dungeon
  1902 | D:5      | Succumbed to a scorpion's poison

Illustrated notes

Levels and vault maps discovered:
D:1:      amcnicky_arrival_wind_blow, layout_basic
D:2:      layout_rooms, nicolae_concentric_dashed_squares_wild
D:3:      layout_basic
D:4:      layout_gridville, uniq_blork_the_orc, uniq_edmund
D:5:      layout_basic, nicolae_overflow_crystal_walls,
          minmay_temple_entry_ruins, st_stairs_5

Skill      XL: |  1  2  3  4 |
---------------+-------------+-----
Armour         | 1 2 |  2.1
Fighting       | 3 |  3.3
Ranged Weapons | |  4.5
Dodging        | |  1.7
Stealth        | |  1.2

Action                     |  1- 3 |  4- 6 || total
---------------------------+-------+-------++-------
  Melee: Unarmed           |     4 |       ||     4
         Spear             |    19 |    10 ||    29
   Fire: Shortbow          |    65 |    21 ||    86
Ability: Dig               |     1 |       ||     1
         Shaft Self        |       |     1 ||     1
    Use: Scroll            |     3 |       ||     3
 Armour: Leather armour    |    14 |     3 ||    17
  Dodge: Dodged            |    29 |     4 ||    33

Table legend: (Time is in decaauts)
 A = Elapsed time spent in this place.
 B = Non-inter-level travel time spent in this place.
 C = Inter-level travel time spent in this place.
 D = Time resting spent in this place.
 E = Time spent auto-exploring this place.
 F = Levels seen in this place.
 G = Mean time per level.
                   A        B        C        D        E       F      G
               +--------+--------+--------+--------+--------+-----+--------+
         Total |   1914 |   1867 |     47 |      0 |   1568 |   5 |  382.8 |
       Dungeon |   1914 |   1867 |     47 |      0 |   1568 |   5 |  382.8 |
               +--------+--------+--------+--------+--------+-----+--------+

Top non-repeatable levels by time:
     D:1: 792 daAuts
     D:3: 611 daAuts
     D:2: 489 daAuts
     D:4: 21 daAuts
